 Dungeon Crawl Stone Soup version 0.26-a0-812-g31a745ddcd (webtiles) character file.

Game seed: 10406612983987455797

863 mkm the Cleaver (level 7, -9/63 HPs)
             Began as a Minotaur Berserker on Dec 3, 2020.
             Was a Priest of Trog.
             Mangled by Maggie
             ... wielding a +0 long sword of flaming
              (11 damage)
             ... on level 6 of the Dungeon.
             The game lasted 00:13:51 (6553 turns).

mkm the Cleaver (Minotaur Berserker)                Turns: 6553, Time: 00:13:52

Health: -9/63      AC:  0    Str: 24    XL:     7   Next: 72%
Magic:  6/6        EV: 13    Int:  4    God:    Trog [***...]
Gold:   272        SH:  0    Dex:  9    Spells: 6/6 levels left

rFire    + . .     SeeInvis .   a - +5 trident (venom)
rCold    . . .     Faith    .   (no shield)
rNeg     . . .     Spirit   .   q - +0 leather armour
rPois    .         Reflect  .   (helmet restricted)
rElec    .         Harm     .   (no cloak)
rCorr    .         Rampage  .   (no gloves)
MR       ++...                  (no boots)
Stlth    +.........             (no amulet)
HPRegen  1.20/turn              p - ring of protection from fire
MPRegen  0.10/turn              (no ring)

@: brilliant, corroded, regenerating (expiring), hasted, very quick
A: retaliatory headbutt, horns 2
a: Berserk, Trog's Hand, Renounce Religion


You were on level 6 of the Dungeon.
You worshipped Trog.
Trog was most pleased with you.
You visited 1 branch of the dungeon, and saw 6 of its levels.

You collected 272 gold pieces.

Inventory:

Hand Weapons
 a - a +5 trident of venom (weapon)
 f - a +1 vorpal hunting sling
 v - a +0 war axe
 x - a +0 club
 y - a cursed -3 quarterstaff
Missiles
 i - 69 sling bullets
Armour
 q - a +0 leather armour (worn)
Jewellery
 p - a ring of protection from fire (left hand)
 s - a +6 ring of dexterity {unknown}
 u - a cursed amulet of inaccuracy {unknown}
 w - an uncursed amulet of faith {unknown}
Wands
 o - a wand of digging (7)
 B - a wand of paralysis (12)
Scrolls
 h - a scroll of random uselessness {unknown}
 j - a scroll of fog {unknown}
 k - a scroll of immolation {unknown}
 l - 2 scrolls of remove curse
 m - 6 scrolls of teleportation
 n - 2 scrolls of amnesia
 t - a scroll of noise {unknown}
 C - a scroll of fear {unknown}
Potions
 b - a potion of attraction {unknown}
 c - a potion of cancellation {unknown}
 d - 3 potions of curing
 e - 2 potions of haste
 g - 2 potions of flight {unknown}
 r - a potion of might {unknown}
 z - a potion of brilliance
 A - a potion of lignification {unknown}


   Skills:
 + Level 6.3 Fighting
 - Level 8.1(8.2) Axes
 * Level 2.2(5.5) Polearms
 + Level 4.0 Armour
 + Level 3.9 Dodging


You had 6 spell levels left.
You didn't know any spells.
Your spell library was empty.

Dungeon Overview and Level Annotations

Branches:
Dungeon (6/15)             Temple (0/1) D:4

Altars:
Ashenzari
Makhleb
Qazlal
Uskayaw
Vehumet
Wu Jian
Xom
Zin

Annotations:
D:6 Maggie


Innate Abilities, Weirdness & Mutations

You reflexively headbutt those who attack you in melee.
You have a pair of horns on your head.


Message History

You hit Maggie.
Maggie is severely wounded.
You feel the effects of Trog's Hand fading.
Maggie drinks a potion.
Maggie is healed!
You hit Maggie but do no damage.
Maggie looks as sick as possible!
Maggie is moderately wounded.
You hit Maggie but do no damage.
Maggie looks as sick as possible!
Maggie is moderately wounded.
Maggie zaps a wand.
The bolt of acid hits you!
* * * LOW HITPOINT WARNING * * *
The acid corrodes you!
You are splashed with acid!
* * * LOW HITPOINT WARNING * * *
You hit Maggie but do no damage. Your headbutt misses Maggie.
Maggie is moderately wounded.
You break out of your daze.
It was a potion of brilliance.
You feel clever all of a sudden.
Maggie says, "Did Master Lance send you?"
Maggie hits you with a +0 long sword of flaming!
You die...

........## #.##.##.###..#
.........# #.##.#...##..##
.........# #......_......#
..........# ##...##...#.##.#
..........# #....###.##.##.#
..........######....###....##.#
#...........)..#........#####.###
..........####.@##......# #....
.....(....## ##.@....#..# #####
...........# #####....##
...........# ##### .....@.....##
8## .# ............### ..8 ..
........#.....## ...# #
.###..######...# ..._ ###..#
##..# ...## #y###.# ####


You could see Maggie (extremely poisoned).

Vanquished Creatures
  2 ogres
  A sky beast (D:5)
  A centaur (D:6)
  A bullfrog (D:5)
  A gnoll sergeant (D:5)
  A howler monkey (D:4)
  2 bullfrog zombies
  A hound (D:4)
  An orc wizard (D:4)
  2 worker ants (D:4)
  A hound skeleton (D:6)
  3 gnolls (D:5)
  A howler monkey skeleton (D:6)
  An adder (D:4)
  2 ufetubi
  3 oozes
  An adder skeleton (D:5)
  An adder zombie (D:5)
  2 worms (D:2)
  2 dart slugs (D:1)
  A leopard gecko (D:4)
  9 orcs
  A giant cockroach (D:3)
  6 goblins
  4 hobgoblins
  5 jackals
  7 quokkas
  A ball python skeleton (D:4)
  9 bats
  4 frilled lizards
  4 kobolds
  A leopard gecko skeleton (D:4)
  A quokka skeleton (D:6)
  A quokka zombie (D:5)
  8 rats
92 creatures vanquished.

Vanquished Creatures (others)
  An ogre (D:4)
  A worker ant (D:4)
  An orc (D:4)
  A giant cockroach (D:4)
  A quokka skeleton (D:4)
  73 plants (D:4)
78 creatures vanquished.

Grand Total: 170 creatures vanquished

Notes
Turn   | Place    | Note
-------+----------+-------------------------------------------
     0 | D:1      | mkm the Minotaur Berserker began the quest for the Orb.
     0 | D:1      | Reached XP level 1. HP: 19/19 MP: 0/0
   187 | D:1      | Reached XP level 2. HP: 27/27 MP: 1/1
   255 | D:1      | Reached skill level 4 in Axes
   734 | D:1      | Reached XP level 3. HP: 21/33 MP: 2/2
   740 | D:1      | Reached ** piety under Trog
  1940 | D:2      | Found a radiant altar of Vehumet.
  1940 | D:2      | Found a burning altar of Makhleb.
  1956 | D:2      | Found a glowing silver altar of Zin.
  2351 | D:3      | Found a hide-covered altar of Uskayaw.
  2402 | D:3      | Reached XP level 4. HP: 41/41 MP: 3/3
  2843 | D:4      | Reached skill level 5 in Fighting
  2874 | D:4      | Killed an ogre
  2980 | D:4      | Noticed an ogre
  2992 | D:4      | Reached skill level 5 in Axes
  2999 | D:4      | Killed an ogre
  2999 | D:4      | Reached skill level 6 in Axes
  2999 | D:4      | Reached XP level 5. HP: 44/48 MP: 4/4
  3094 | D:4      | Found a stormy altar of Qazlal.
  3125 | D:4      | Found a staircase to the Ecumenical Temple.
  3192 | D:4      | Found a shimmering altar of Xom.
  3218 | D:4      | Reached XP level 6. HP: 47/56 MP: 5/5
  3391 | D:4      | Reached *** piety under Trog
  4011 | D:5      | Entered Level 5 of the Dungeon
  4024 | D:5      | Reached skill level 7 in Axes
  4403 | D:5      | Noticed a sky beast
  4412 | D:5      | Killed a sky beast
  4412 | D:5      | Reached XP level 7. HP: 24/62 MP: 6/6
  4978 | D:5      | Reached skill level 8 in Axes
  5218 | D:5      | Reached skill level 1 in Polearms
  6463 | D:6      | Found an ornate altar of the Wu Jian Council.
  6517 | D:6      | Noticed Maggie
  6537 | D:6      | Found a broken altar of Ashenzari.
  6551 | D:6      | HP: 1/63 [acid (15)]
  6553 | D:6      | Mangled by Maggie

Illustrated notes

Levels and vault maps discovered:
D:1:      minmay_arrival_three_doors, layout_basic, minmay_distorted
D:2:      wander_river, layout_basic, lemuel_crystal_altar,
          gammafunk_temple_overflow_wave
D:3:      layout_basic, eat_drink_and_be_merry_uskayaw
D:4:      layout_loops_ring, xom_confusion_cloud, kennysheep_mini_moat,
          temple_green, serial_bayou, serial_bayou_pond_c,
          serial_bayou_lagoon_b, serial_bayou_pond_c, serial_bayou_lagoon_a
D:5:      layout_rooms, serial_rivers, chequers_serial_rivers_room_a,
          chequers_serial_rivers_large_a, chequers_serial_rivers_small_b,
          chequers_serial_rivers_small_3, chequers_serial_rivers_micro_e
D:6:      layout_rooms, lemuel_coloured_pillars_altar, old_standard_altar,
          nicolae_overflow_hidden_temple, nicolae_overflow_crystal_walls,
          gammafunk_ghost_hive, uniq_sigmund, uniq_maggie

Skill      XL: |  1  2  3  4  5  6  7 |
---------------+----------------------+-----
Fighting       | 4 5 6 |  6.3
Axes           | 4 6 7 8 |  8.1
Dodging        | 3 |  3.9
Armour         | 3 4 |  4.0
Polearms       | 2 |  2.2

Action                   |  1- 3 |  4- 6 |  7- 9 || total
-------------------------+-------+-------+-------++-------
Melee: Hand axe          |    85 |    93 |       ||   178
       Headbutt          |    10 |    15 |     9 ||    34
       War axe           |       |     7 |    20 ||    27
       Trident           |       |       |    34 ||    34
Invok: Berserk           |       |     3 |     2 ||     5
       Trog's Hand       |       |     1 |     1 ||     2
  Use: Scroll            |       |     5 |       ||     5
       Potion            |       |     2 |     3 ||     5
Armor: Animal skin       |    19 |       |       ||    19
       Leather armour    |     1 |    14 |     6 ||    21
Dodge: Dodged            |    57 |    45 |    42 ||   144

Table legend: (Time is in decaauts)
 A = Elapsed time spent in this place.
 B = Non-inter-level travel time spent in this place.
 C = Inter-level travel time spent in this place.
 D = Time resting spent in this place.
 E = Time spent auto-exploring this place.
 F = Levels seen in this place.
 G = Mean time per level.
                   A        B        C        D        E       F      G
               +--------+--------+--------+--------+--------+-----+--------+
         Total |   6697 |   6518 |    179 |   1986 |   3676 |   6 | 1116.2 |
       Dungeon |   6697 |   6518 |    179 |   1986 |   3676 |   6 | 1116.2 |
               +--------+--------+--------+--------+--------+-----+--------+

Top non-repeatable levels by time:
     D:5: 1935 daAuts
     D:4: 1593 daAuts
     D:2: 1141 daAuts
     D:1: 962 daAuts
     D:3: 733 daAuts
     D:6: 331 daAuts
